Map: Acropolis EC

Players

kokowitch - Winner!

  • Race: Terran Terran
  • League: Diamond
  • Spawn Location: 5:00

DeeTeez

  • Race: Protoss Protoss
  • League: Diamond
  • Spawn Location: 11:00

VOD

Have the link to the VOD?

Description

Time

  • Played on: Oct. 18, 2019, 12:29 p.m.
  • Length: 12:43
Show
View Real Time Build Order
Export as new Build Order

kokowitch Terran - Winner!

Build Orders:  

Get SALT Encoding   

  12  0:04  SCV  
  13  0:16  SCV  
  13  0:20  Supply Depot  
  14  0:28  SCV  
  15  0:36  Refinery  
  15  0:41  SCV  
  16  0:45  Barracks  
  16  0:54  SCV  
  17  1:02  Refinery  
  17  1:06  SCV  
  18  1:18  SCV  
  19  1:37  Supply Depot  
  19  1:39  Orbital Command  
  19  1:46  Factory  
  20  1:54  Reaper  
  20  2:05  SCV  
  21  2:19  Command Center  
  21  2:21  SCV  
  22  2:27  Reaper  
  23  2:30  Hellion  
  25  2:38  SCV  
  25  2:40  Starport  
  26  2:50  SCV  
  27  2:52  Hellion  
  29  2:59  Reaper  
  29  3:02  SCV  
  29  3:05  Supply Depot  
  31  3:21  SCV  
  31  3:25  Medivac  
  34  3:27  Factory Tech Lab  
  34  3:34  SCV, Orbital Command  
  35  3:37  Barracks Reactor  
  35  3:46  SCV  
  36  3:48  Barracks  
  36  3:58  SCV  
  34  4:45  Marine x2, Barracks Tech Lab  
  35  4:47  Starport Reactor, Barracks, Siege Tank  
  35  4:49  SCV x2  
  38  5:01  SCV, Supply Depot x2  
  38  5:02  SCV  
  38  5:06  Stimpack  
  40  5:07  Marine x2  
  40  5:09  Marauder  
  40  5:14  SCV x2  
  46  5:25  Medivac x2  
  46  5:26  SCV x2, Marine x2  
  54  5:35  Supply Depot  
  55  5:38  SCV x2  
  55  5:39  Barracks Reactor  
  55  5:42  Marauder  
  58  5:44  Marine x2  
  60  5:50  SCV x2, Siege Tank  
  65  6:00  Supply Depot  
  65  6:02  SCV x2  
  65  6:03  Marine x2, Refinery  
  69  6:06  Marauder  
  71  6:14  SCV x2  
  71  6:16  Marine x2  
  75  6:25  Marine x2  
  77  6:26  SCV x2, Marine  
  77  6:27  Supply Depot, Command Center  
  80  6:33  Engineering Bay  
  80  6:34  Marine, Engineering Bay  
  80  6:38  SCV x2  
  80  6:39  Siege Tank  
  86  6:44  Marine x2  
  86  6:46  Combat Shield  
  88  6:50  SCV x2  
  90  6:58  Marine x2  
  90  6:59  Marauder  
  94  7:02  Marine x2  
  94  7:03  SCV x2  
  94  7:05  Medivac  
  100  7:09  Supply Depot  
  100  7:12  Refinery  
  100  7:15  SCV  
  101  7:16  Marine, Supply Depot  
  102  7:30  Marine x3  
  102  7:31  Marauder  
  87  7:52  Marauder  
  87  7:58  Marine x4  
  85  7:59  Medivac x2, Siege Tank  
  85  8:00  SCV x2  
  85  8:05  Concussive Shells  
  86  8:14  Marauder  
  86  8:16  Marine x2  
  86  8:17  Barracks  
  86  8:18  Barracks  
  86  8:19  Barracks  
  90  8:27  Orbital Command  
  90  8:29  Marine x2  
  90  8:33  Marine  
  93  8:34  Marine  
  93  8:35  Marauder, Siege Tank  
  97  8:47  Marine x2  
  89  8:56  Marauder  
  88  9:05  Marine x3  
  88  9:06  Marine  
  88  9:09  Barracks Tech Lab  
  94  9:11  Barracks Tech Lab  
  94  9:12  Barracks Tech Lab  
  92  9:18  Marauder  
  92  9:22  Refinery  
  92  9:23  Marine x4, Refinery, Siege Tank  
  101  9:26  Terran Infantry Weapons Level 1, Terran Infantry Armor Level 1  
  101  9:34  Armory  
  101  9:39  Marauder  
  101  9:41  Marine  
  101  9:42  Supply Depot  
  101  9:45  Supply Depot x2, Missile Turret  
  104  9:46  Supply Depot x2, Missile Turret  
  104  9:48  SCV x2  
  104  9:49  SCV  
  107  9:55  Command Center, Siege Tank  
  107  9:56  Marauder, Command Center  
  107  9:57  Marine, Marauder x2  
  107  9:59  Medivac  
  119  10:00  SCV  
  119  10:01  SCV x2, Marauder  
  124  10:13  SCV x3  
  127  10:18  Marauder x3  
  133  10:22  Marauder  
  135  10:29  Marine  
  135  10:30  Marine x3  
  135  10:31  Medivac, Siege Tank  
  144  10:39  Marauder x2  
  144  10:40  Marauder  
  150  10:43  Marauder  
  146  11:01  Marauder x2  
  124  11:18  Marine x4  
  119  11:19  Marauder x2  
  119  11:20  Siege Tank  
  119  11:21  Medivac x2  
  119  11:22  Marine, Marauder  
  126  11:36  Marine x4  
  128  11:40  Marauder x3  
  128  11:43  Marauder  
  136  11:51  Medivac x2  
  136  11:52  Siege Tank  
  136  11:53  Marine  
  136  11:54  Marine x3  
  139  12:01  Marauder x3  
  139  12:05  Marauder  
  145  12:08  Orbital Command  
  145  12:14  Sensor Tower  
  145  12:18  Marine x4  
Show
View Real Time Build Order
Export as new Build Order

DeeTeez Protoss 

Build Orders: 1 Gate Expand, Double Forge 

Get SALT Encoding   

  12  0:01  Probe  
  13  0:13  Probe  
  14  0:19  Pylon  
  14  0:25  Probe  
  15  0:37  Probe (Chrono Boost)  
  15  0:38  Gateway  
  16  0:47  Assimilator  
  16  0:49  Probe (Chrono Boost)  
  17  0:55  Probe (Chrono Boost)  
  18  1:04  Probe  
  19  1:16  Probe  
  20  1:25  Nexus  
  20  1:28  Probe  
  21  1:41  Cybernetics Core  
  21  1:42  Probe  
  22  1:47  Assimilator  
  22  1:59  Probe  
  23  2:02  Pylon  
  23  2:16  Warp Gate  
  23  2:20  Probe, Stalker  
  26  2:26  Twilight Council  
  26  2:32  Probe (Chrono Boost)  
  27  2:39  Probe (Chrono Boost)  
  29  2:44  Probe (Chrono Boost)  
  29  2:50  Probe (Chrono Boost)  
  30  2:52  Probe (Chrono Boost)  
  30  2:55  Probe (Chrono Boost)  
  32  2:58  Probe (Chrono Boost)  
  32  3:04  Charge  
  33  3:10  Probe (Chrono Boost)  
  33  3:11  Probe (Chrono Boost)  
  33  3:12  Forge  
  35  3:16  Forge  
  35  3:17  Probe (Chrono Boost)  
  35  3:19  Probe (Chrono Boost)  
  37  3:24  Gateway  
  37  3:26  Probe  
  38  3:30  Probe  
  38  3:33  Gateway  
  39  3:39  Probe  
  39  3:41  Gateway  
  40  3:44  Gateway  
  40  3:46  Protoss Ground Weapons Level 1 (Chrono Boost)  
  40  3:48  Protoss Ground Armor Level 1 (Chrono Boost)  
  40  4:01  Pylon  
  40  4:04  Pylon  
  32  4:21  Stalker  
  32  4:22  Stalker  
  24  4:45  Probe x2  
  26  4:57  Probe x2 (Chrono Boost)  
  28  5:05  Nexus  
  28  5:06  Pylon  
  28  5:09  Probe x2 (Chrono Boost)  
  30  5:14  Probe x2 (Chrono Boost)  
  32  5:22  Shield Battery  
  32  5:23  Probe x2  
  34  5:33  Shield Battery  
  34  5:35  Probe x2  
  36  5:44  Protoss Ground Weapons Level 2 (Chrono Boost), Dark Shrine  
  36  5:49  Probe x2  
  38  5:55  Protoss Ground Armor Level 2 (Chrono Boost)  
  38  6:04  Probe x2  
  38  6:11  Zealot x2  
  42  6:12  Zealot  
  42  6:16  Probe  
  42  6:18  Probe  
  48  6:25  Zealot  
  48  6:26  Zealot  
  48  6:28  Probe  
  48  6:29  Probe  
  48  6:30  Probe  
  55  6:35  Zealot x2  
  55  6:37  Zealot  
  61  6:45  Templar Archives  
  61  6:53  Robotics Facility  
  61  7:01  Probe x3  
  64  7:07  Dark Templar  
  64  7:08  Dark Templar x2  
  70  7:15  Probe x3, Assimilator  
  72  7:16  Assimilator  
  73  7:27  Probe x2  
  73  7:28  Probe  
  75  7:39  Probe  
  62  7:47  Stalker x2  
  62  7:48  Stalker  
  65  8:04  Probe x3  
  66  8:16  Probe x3  
  69  8:21  Protoss Ground Weapons Level 3 (Chrono Boost)  
  69  8:25  Zealot x4  
  69  8:26  Zealot  
  79  8:28  Probe x2  
  79  8:31  Probe  
  82  8:40  Probe x2  
  84  8:43  Probe  
  85  8:52  Pylon  
  85  8:53  Pylon  
  85  8:55  Pylon  
  81  9:14  Dark Shrine  
  81  9:18  Nexus  
  81  9:19  Pylon  
  81  9:21  Pylon  
  81  9:23  Zealot x4  
  89  9:37  Assimilator  
  89  9:39  Assimilator, Zealot  
  91  9:47  Sentry x3  
  91  9:51  Observer  
  98  9:59  Probe  
  99  10:00  Probe x2  
  99  10:04  Zealot x2  
  105  10:12  Immortal  
  105  10:13  Gateway  
  105  10:14  Gateway, Probe x2  
  111  10:15  Gateway  
  111  10:21  High Templar x2  
  113  10:25  Archon  
  113  10:26  Phoenix  
  113  10:27  Shadow Stride (Chrono Boost), Zealot x3  
  121  10:45  Pylon  
  121  10:47  Pylon  
  121  10:49  Pylon  
  121  10:51  Pylon  
  119  11:02  Stalker  
  119  11:03  Stalker x3  
  113  11:29  Zealot x4  
  113  12:01  Probe x3  
  116  12:06  Nexus  
  116  12:12  Stalker x3, Pylon  
  116  12:13  Probe x3, Stalker  
  127  12:17  Pylon  
Tags
 
Add a new tag
Caveats
  • Supply blocks, unpowered buildings, or Contaminate may cause inaccurate times.
  • Supply counts are checked every 10 seconds.